 Dungeon Crawl Stone Soup version 0.28.0-45-g0d030f2227 (webtiles) character file.

Game seed: 4313750702619981296

16 thiscave3701365 the Magician (level 2, 0/23 HPs)
             Began as a Djinni Warper on Apr 18, 2022.
             Slain by a frilled lizard (1 damage)
             ... on level 1 of the Dungeon.
             The game lasted 00:00:23 (649 turns).

thiscave3701365 the Magician (Djinni Warper)         Turns: 649, Time: 00:00:25

Health: 0/23       AC:  3    Str: 10    XL:     2   Next: 75%
Gold:   10         EV:  9    Int: 14    God:
                   SH:  0    Dex: 12

rFire   + + .      SeeInvis .     - Unarmed
rCold   x . .      Faith    .   (no shield)
rNeg    . . .      Spirit   .   a - +0 leather armour
rPois   ∞          Reflect  .   (no helmet)
rElec   .          Harm     .   (no cloak)
rCorr   .          Rampage  .   (no gloves)
Will    .....                   (boots unavailable)
Stlth   +.........              (no amulet)
HPRegen 0.07/turn               (no ring)
MPRegen 0.00/turn               (no ring)

@: flying, constricted
A: sickness immunity, fire resistance 2, cold vulnerability 1, float, innate
caster, HP casting, extra vitality 1
a: no special abilities


You were on level 1 of the Dungeon.
You visited 1 branch of the dungeon, and saw 1 of its levels.

You collected 10 gold pieces.

Inventory:

Missiles
 c - 5 boomerangs of dispersal (quivered)
Armour
 a - a +0 leather armour (worn)
Scrolls
 b - a scroll of blinking


   Skills:
 + Level 2.1 Fighting
 + Level 1.0 Throwing
 + Level 1.3 Armour
 + Level 2.5 Dodging
 + Level 2.2 Unarmed Combat
 + Level 2.5 Spellcasting


You couldn't memorise any spells.
You knew the following spells:

 Your Spells              Type           Power      Damage    Failure   Level
a - Blink                 Tloc           16%        N/A       16%         2
b - Lesser Beckoning      Tloc           8%         N/A       32%         3
c - Gell's Gravitas       Tloc           8%         N/A       32%         3
d - Teleport Other        Tloc           8%         N/A       32%         3
e - Manifold Assault      Tloc           8%         N/A       96%         5
Your spell library was empty.

Dungeon Overview and Level Annotations

Branches:
Dungeon (1/15)

Altars:


Innate Abilities, Weirdness & Mutations

You are immune to sickness and miasma.
You are immune to poison.
Your flesh is very heat resistant. (rF++)
You are vulnerable to cold. (rC-)
You float through the air rather than walking.
You learn spells naturally, not from books.
Your magical power is your life essence.
You have superior vitality. (+4 MHP)


Message History

The frilled lizard bites you. The hobgoblin misses you.
You hit the hobgoblin.
You kill the hobgoblin!
The frilled lizard bites you but does no damage.
You hit the endoplasm but do no damage.
A ball python comes into view.
The frilled lizard closely misses you.
You barely miss the endoplasm.
The endoplasm hits you but does no damage.
The frilled lizard bites you but does no damage.
The ball python hisses angrily.
You hit the endoplasm. You punch the endoplasm.
You kill the endoplasm!
You hit the frilled lizard but do no damage.
The frilled lizard bites you.
You barely miss the frilled lizard. The ball python closely misses you.
The ball python grabs you. The ball python constricts you.
The frilled lizard bites you but does no damage.
You closely miss the frilled lizard.
The ball python bites you but does no damage.
The ball python constricts you.
The frilled lizard bites you but does no damage.
The ball python bites you.
* * * LOW HITPOINT WARNING * * *
The ball python constricts you.
* * * LOW HITPOINT WARNING * * *
You barely miss the frilled lizard. The frilled lizard barely misses you.
The ball python bites you.
* * * LOW HITPOINT WARNING * * *
The ball python constricts you.
* * * LOW HITPOINT WARNING * * *
You miss the frilled lizard.
The frilled lizard hisses.
The frilled lizard barely misses you. The ball python closely misses you.
The ball python constricts you.
You hit the frilled lizard.
The frilled lizard is heavily wounded.
The ball python barely misses you. The ball python constricts you.
The frilled lizard bites you.
You die...

##.########.........#.##..##.#
.... ...........#.....# . ##.#
#..........####### #+#
#.................
#..........####### .####...#.#
#.####.#.#.# #....†l..#.#
#..####@##.. #.......S.....#
#.##........... #.#..##...##
....... ...# ......## .## ###
... # #.#.


You could see a ball python and a frilled lizard.

Vanquished Creatures
  4 dart slugs (D:1)
  A ball python (D:1)
  An endoplasm (D:1)
  2 hobgoblins (D:1)
8 creatures vanquished.

Notes
Turn   | Place    | Note
-------+----------+-------------------------------------------
     0 | D:1      | thiscave3701365 the Djinni Warper began the quest for the
                  | Orb.
     0 | D:1      | Reached XP level 1. HP: 18/18 MP: 0/0
    30 | D:1      | Reached XP level 2. HP: 7/23 MP: 0/0
   526 | D:1      | Reached skill level 1 in Throwing
   647 | D:1      | HP: 1/23 [constriction (1)]
   649 | D:1      | Slain by a frilled lizard

Illustrated notes

Levels and vault maps discovered:
D:1:      erik_arrival_triangle_small, layout_basic,
          ebering_ecumenical_altar_hall

Skill      XL: |  1  2 |
---------------+-------+-----
Throwing       | 1 |  1.0
Fighting       | |  2.1
Armour         | |  1.3
Dodging        | |  2.5
Unarmed Combat | |  2.2
Spellcasting   | |  2.5

Action                   || total
-------------------------++-------
Melee: Unarmed           ||    53
       Punch             ||     4
Armor: Leather armour    ||    13
Dodge: Dodged            ||    33
